 Dungeon Crawl Stone Soup version 0.29-a0-251-g80730f7 (webtiles) character file.

Game seed: 16535407213173618529

311 Dorkslayer the Poker (level 6, -3/49 HPs)
             Began as a Merfolk Fighter on Mar 5, 2022.
             Was an Initiate of Gozag.
             Slain by a quokka (4 damage)
             ... on level 4 of the Dungeon.
             The game lasted 00:10:24 (3330 turns).

Dorkslayer the Poker (Merfolk Fighter)              Turns: 3330, Time: 00:10:25

Health: -3/49      AC:  9    Str: 17    XL:     6   Next: 42%
Magic:  6/6        EV:  0    Int:  7    God:    Gozag
Gold:   81         SH: 15    Dex: 15    Spells: 5/5 levels left

rFire   . . .      SeeInvis .   a - +3 trident
rCold   . . .      Faith    .   o - +2 tower shield
rNeg    . . .      Spirit   .   e - +0 chain mail
rPois   .          Reflect  .   (no helmet)
rElec   .          Harm     .   (no cloak)
rCorr   .          Rampage  .   (no gloves)
Will    .....                   (no boots)
Stlth   ..........              (no amulet)
HPRegen 0.16/turn               (no ring)
MPRegen 0.10/turn               (no ring)

@: gold aura, constricted
A: (nimble swimmer 2), mertail
a: Renounce Religion, Potion Petition, Call Merchant, Bribe Branch


You were on level 4 of the Dungeon.
You worshipped Gozag.
Gozag was noncommittal.
You visited 1 branch of the dungeon, and saw 4 of its levels.

You collected 248 gold pieces.
You spent 144 gold pieces at shops.
You paid 23 gold pieces to Gozag.

Inventory:

Hand Weapons
 a - a +3 trident (weapon)
Armour
 e - a +0 chain mail (worn)
 o - a +2 tower shield (worn)
Scrolls
 f - a scroll of magic mapping {unknown}
 g - a scroll of noise {unknown}
 i - a scroll of teleportation {unknown}
 j - a scroll of identify
 k - a scroll of fog {unknown}
 l - a scroll of blinking {unknown}
 n - 2 scrolls of acquirement {unknown}
 q - a scroll of silence {unknown}
Potions
 b - a potion of lignification
 c - a potion of magic {unknown}
 h - a potion of berserk rage {unknown}
 m - 2 potions of haste
 p - a potion of curing
 r - a potion of mutation {unknown}
 s - a potion of flight {unknown}


   Skills:
 * Level 4.5 Fighting
 + Level 5.6 Polearms
 + Level 3.4 Armour
 + Level 0.7 Dodging
 * Level 3.5 Shields


You had 5 spell levels left.
You didn't know any spells.
Your spell library contained the following spells:

 Spells                   Type           Power      Damage    Failure   Level
 Malign Gateway           Summ/Tloc      0%         N/A       100%        7
 Summon Horrible Things   Summ           0%         N/A       100%        8


Dungeon Overview and Level Annotations

Branches:
Dungeon (4/15)             Temple (0/1) D:4

Altars:
Gozag

Shops:
D:2 [!


Innate Abilities, Weirdness & Mutations

((You are very nimble when in or above water. (Stealth+, EV+, Speed+++)))
Your lower body shifts to a powerful aquatic tail in water.


Message History

The ball python grabs you.
You stop ascending the stairs.
The ball python constricts you. You block the ogre's attack.
You block the quokka's attack.
The ball python bites you but does no damage.
The ball python constricts you.
Unknown command.
You hit the ogre.
The ogre is lightly wounded.
You block the ogre's attack. You block the ball python's attack.
The ball python constricts you. The quokka bites you.
You hit the ogre.
The ogre is lightly wounded.
You block the ball python's attack. The ball python constricts you.
You block the quokka's attack.
The ogre hits you with a +0 giant spiked club!
* * * LOW HITPOINT WARNING * * *
You block the ball python's attack. The ball python constricts you.
The quokka bites you.
* * * LOW HITPOINT WARNING * * *
You puncture the ogre!
The ogre is heavily wounded.
You block the quokka's attack. You block the ogre's attack.
The ball python bites you but does no damage.
The ball python constricts you.
The ball python bites you but does no damage.
The ball python constricts you.
The quokka bites you but does no damage.
You puncture the ogre!
The ogre is almost dead.
The ogre hits you with a +0 giant spiked club!
* * * LOW HITPOINT WARNING * * *
You block the quokka's attack. You block the ball python's attack.
The ball python constricts you.
Unknown command.
You puncture the ogre!
You kill the ogre!
You block the ball python's attack. The ball python constricts you.
The quokka bites you.
You die...
Your body crumbles into a pile of gold.

#..##...#....####....
#.............)......
###########.#########
#..........######
##...............
#........###..[..
#........#≈≈≈≈≈≈≈
#........#≈#.....
#@$.......≈......
#rS.......≈......
##>.......≈...>..
##.......≈......
######..≈..?...
#.#≈#..... #.#≈≈≈≈≈≈≈
#.###..... #.. .....


You could see a quokka and a ball python.

Vanquished Creatures
  2 ogres
  2 orc priests (D:4)
  Terence (D:3)
  An iguana (D:4)
  4 adders
  3 worms
  3 dart slugs
  2 orcs (D:4)
  A bat (D:2)
  4 endoplasms
  3 giant cockroaches
  7 goblins
  4 hobgoblins
  4 jackals (D:2)
  4 quokkas
  7 ball pythons
  4 frilled lizards
  6 kobolds
  7 rats
69 creatures vanquished.

Notes
Turn   | Place    | Note
-------+----------+-------------------------------------------
     0 | D:1      | Dorkslayer the Merfolk Fighter began the quest for the Orb.
     0 | D:1      | Reached XP level 1. HP: 18/18 MP: 1/1
   535 | D:1      | Found a faded altar of an unknown god.
   884 | D:1      | Reached XP level 2. HP: 24/24 MP: 2/2
  1088 | D:2      | Reached skill level 3 in Polearms
  1088 | D:2      | Reached XP level 3. HP: 19/29 MP: 3/3
  1242 | D:2      | Found Zyidunux's Antique Armour Shoppe.
  1572 | D:2      | Found Neesause's Distillery.
  1672 | D:2      | Reached XP level 4. HP: 37/37 MP: 4/4
  1791 | D:2      | Reached skill level 4 in Polearms
  2341 | D:3      | Noticed Terence
  2358 | D:3      | Killed Terence
  2367 | D:3      | Found an opulent altar of Gozag.
  2378 | D:3      | Became a worshipper of Gozag Ym Sagoz the Greedy
  2458 | D:3      | Reached skill level 5 in Polearms
  2458 | D:3      | Reached XP level 5. HP: 42/42 MP: 5/5
  2795 | D:4      | Noticed an ogre
  3063 | D:2      | Bought a potion of might for 48 gold pieces
  3063 | D:2      | Bought a potion of heal wounds for 60 gold pieces
  3063 | D:2      | Bought a potion of curing for 36 gold pieces
  3177 | D:4      | Noticed an ogre
  3200 | D:3      | Reached XP level 6. HP: 40/49 MP: 6/6
  3306 | D:4      | Found a staircase to the Ecumenical Temple.
  3329 | D:4      | HP: 1/49 [ogre/+0 giant spiked club (9)]
  3330 | D:4      | Slain by a quokka

Illustrated notes

Levels and vault maps discovered:
D:1:      mrwooster_arrival_statue_2, layout_basic,
          shapermc_ecumenical_altar_starsandcircs, minmay_crystal_water
D:2:      layout_basic, serial_shops, shop, nicolae_shop_statue_plus
D:3:      layout_rooms, nicolae_gozag_seed_capital, minivault_14, uniq_terence
D:4:      minmay_recursive_quarters, layout_rooms,
          minmay_temple_entry_water_ring

Skill      XL: |  1  2  3  4  5 |
---------------+----------------+-----
Polearms       | 3 5 |  5.6
Armour         | 3 |  3.4
Fighting       | 4 |  4.5
Dodging        | |  0.7
Shields        | |  3.5

Action                   |  1- 3 |  4- 6 || total
-------------------------+-------+-------++-------
Melee: Trident           |    87 |   143 ||   230
  Use: Potion            |       |    10 ||    10
       Scroll            |       |     4 ||     4
Armor: Chain mail        |    32 |    42 ||    74
       Scale mail        |     2 |       ||     2
       Skin              |       |    20 ||    20
Dodge: Dodged            |    23 |    34 ||    57
Block: Buckler           |     7 |    20 ||    27
       Tower shield      |       |    26 ||    26

Table legend: (Time is in decaauts)
 A = Elapsed time spent in this place.
 B = Non-inter-level travel time spent in this place.
 C = Inter-level travel time spent in this place.
 D = Time resting spent in this place.
 E = Time spent auto-exploring this place.
 F = Levels seen in this place.
 G = Mean time per level.
                   A        B        C        D        E       F      G
               +--------+--------+--------+--------+--------+-----+--------+
         Total |   3361 |   3339 |     22 |    256 |   1405 |   4 |  840.2 |
       Dungeon |   3361 |   3339 |     22 |    256 |   1405 |   4 |  840.2 |
               +--------+--------+--------+--------+--------+-----+--------+

Top non-repeatable levels by time:
     D:2: 1162 daAuts
     D:1: 1018 daAuts
     D:3: 758 daAuts
     D:4: 421 daAuts
